 Dungeon Crawl Stone Soup version 0.21-a0-2-ge494091 (webtiles) character file.

31 KeyserSoze the Magician (level 3, 0/19 HPs)
             Began as a Deep Elf Wizard on May 22, 2017.
             Succumbed to an adder's poison
             ... on level 1 of the Dungeon.
             The game lasted 00:04:04 (1083 turns).

KeyserSoze the Magician (Deep Elf Wizard)           Turns: 1083, Time: 00:04:05

Health: 0/19       AC:  2    Str:  4    XL:     3   Next: 7%
Magic:  7/11       EV: 13    Int: 23    God:
Gold:   25         SH:  0    Dex: 13    Spells: 11/12 levels left

rFire    . . .     SeeInvis .   g - +0 hunting sling
rCold    . . .     Gourm    .   (no shield)
rNeg     . . .     Faith    .   a - +0 robe
rPois    .         Spirit   .   b - +0 hat
rElec    .         Reflect  .   (no cloak)
rCorr    .         Harm     .   (no gloves)
MR       .....                  (no boots)
Stlth    ++........             (no amulet)
Regen    0.1/turn               (no ring)
MPRegen  0.2/turn               (no ring)

@: lethally poisoned (0 -> -5), slowed, very slow
A: no striking features
a: no special abilities


You were on level 1 of the Dungeon.
You were not hungry.

You visited 1 branch of the dungeon, and saw 1 of its levels.

You collected 25 gold pieces.

Inventory:

Hand Weapons
 g - a +0 hunting sling (weapon)
 j - a +0 club
 k - a +0 spear
Missiles
 l - 21 stones (quivered)
Armour
 a - a +0 robe (worn)
 b - a +0 hat (worn)
 m - a +1 pair of boots
Scrolls
 e - 2 scrolls of identify {unknown}
 n - a scroll of immolation {unknown}
Potions
 h - a potion of flight {unknown}
 i - a potion of heal wounds {unknown}
Books
 c - a book of Minor Magic

   Spells                             Type                      Level
   a - Magic Dart                     Conjuration                  1
   b - Blink                          Translocation                2
   c - Call Imp                       Summoning                    2
   d - Slow                           Hexes                        2
   e - Conjure Flame                  Conjuration/Fire             3
   f - Mephitic Cloud                 Conjuration/Poison/Air       3
Comestibles
 d - a bread ration


   Skills:
 + Level 3.0 Dodging
 + Level 2.5 Stealth
 + Level 5.2 Spellcasting
 + Level 1.5 Conjurations
   Level 1.1 Summonings
   Level 1.1 Translocations


You had 11 spell levels left.
You knew the following spells:

 Your Spells              Type           Power        Failure   Level  Hunger
a - Magic Dart            Conj           ##..         4%          1    None


Dungeon Overview and Level Annotations

Branches:
Dungeon (1/15)

Altars:


Message History

You feel sick.
It was a potion of berserk rage.
A red film seems to cover your vision as you go berserk!
You feel yourself moving faster!
You feel mighty!
You are too berserk!
You are too berserk!
You are too berserk!
You feel a strong urge to attack something.
* * * LOW HITPOINT WARNING * * *
You feel sick.
You feel your anger subside.
You are no longer berserk.
You are exhausted.
You feel yourself slow down.
Things that are here:
a stone; an adder corpse
There is a lethal amount of poison in your body!
There is a lethal amount of poison in your body!
* * * LOW HITPOINT WARNING * * *
You feel sick.
You die...

#.#######.....# ...
#.#........##.# #.#
#...>......##.# ####.# ....
..............###....# .....
...........##.##.(#### ...>.
..........###..#.## ......
.................# ......
...........###...#######......
........##.###..@...............
........).....^.................#
.......###...)..................#
......# #.......#....###>##..#..
..##.#####........#.#.# ........
.. #.........###......####.(.#...
##..###.#..###................
#.##...###...##........# #.#
##.>.รท....#........#


There were no monsters in sight!

Vanquished Creatures
  A gnoll (D:1)
  An adder (D:1)
  2 leopard geckos (D:1)
  A bat (D:1)
  3 hobgoblins (D:1)
  A kobold (D:1)
  2 rats (D:1)
11 creatures vanquished.

Notes
Turn   | Place    | Note
-------+----------+-------------------------------------------
     0 | D:1      | KeyserSoze the Deep Elf Wizard began the quest for the Orb.
     0 | D:1      | Reached XP level 1. HP: 10/10 MP: 7/7
   330 | D:1      | Reached XP level 2. HP: 15/15 MP: 4/9
   705 | D:1      | Reached skill level 5 in Spellcasting
  1060 | D:1      | Reached XP level 3. HP: 9/19 MP: 4/11
  1083 | D:1      | Succumbed to an adder's poison

Vault maps used:
D:1:      lightli_arrival_lavapool

Skill      XL: |  1  2 |
---------------+-------+-----
Dodging        | 3 |  3.0
Spellcasting   | 5 |  5.2
Stealth        | |  2.5
Conjurations   | |  1.5
Summonings     | |  1.1
Translocations | |  1.1

Action                   || total
-------------------------++-------
Melee: Club              ||     2
 Fire: Hunting sling     ||     1
 Cast: Magic Dart        ||    39
  Use: Potion            ||     1
Dodge: Dodged            ||    17
